 Dungeon Crawl Stone Soup version 0.28.0-53-g5a82cb258f (webtiles) character file.

Game seed: 3805506984602270744

90 Plasmagod the Insei (level 4, 0/35 HPs)
             Began as a Draconian Transmuter on July 20, 2022.
             Slain by a wraith (10 damage)
             ... in an ossuary.
             The game lasted 00:09:03 (3326 turns).

Plasmagod the Insei (Draconian Transmuter)          Turns: 3326, Time: 00:09:03

Health: 0/35       AC:  9    Str: 12    XL:     4   Next: 32%
Magic:  7/7        EV: 27    Int: 15    God:
Gold:   171        SH:  0    Dex: 12    Spells: 4/7 levels left

rFire   . . .      SeeInvis .     - Unarmed
rCold   . . .      Faith    .   (no shield)
rNeg    . . .      Spirit   .   (armour unavailable)
rPois   .          Reflect  .   o - +0 hat
rElec   .          Harm     .   t - +1 cloak
rCorr   .          Rampage  .   (no gloves)
Will    .....                   r - +1 pair of boots {Fly}
Stlth   +.........              w - amulet of the acrobat
HPRegen 0.11/turn               (no ring)
MPRegen 0.10/turn               (no ring)

@: acrobatic, flying, slowed, very slow
A: AC +5, unfitting armour, cold-blooded
a: no special abilities


You were in an ossuary.
You visited 1 branch of the dungeon, and saw 4 of its levels.
You also visited: Ossuary.

You collected 215 gold pieces.
You spent 44 gold pieces at shops.

Inventory:

Armour
 h - a +0 cloak
 o - a +0 hat (worn)
 r - a +1 pair of boots of flying (worn)
 t - a +1 cloak (worn)
Jewellery
 w - an amulet of the acrobat (around neck)
Wands
 v - a wand of paralysis (7)
Scrolls
 b - a scroll of enchant weapon {unknown}
 c - a scroll of acquirement {unknown}
 f - a scroll of magic mapping {unknown}
 g - 3 scrolls of identify {unknown}
 j - 6 scrolls of teleportation {unknown}
 q - a scroll of silence {unknown}
 s - a scroll of vulnerability {unknown}
Potions
 a - a potion of attraction {unknown}
 d - 3 potions of brilliance {unknown}
 e - a potion of curing {unknown}
 i - a potion of degeneration {unknown}
 k - a potion of haste {unknown}
 l - a potion of berserk rage {unknown}
 m - 2 potions of mutation {unknown}
 n - a potion of might {unknown}
 p - a potion of heal wounds {unknown}
 u - a potion of flight {unknown}
 x - a potion of invisibility {unknown}


   Skills:
 + Level 1.1 Fighting
 + Level 2.0 Dodging
 + Level 0.3 Stealth
 + Level 3.7 Unarmed Combat
 + Level 2.4 Spellcasting
 * Level 3.4 Transmutations


You had 4 spell levels left.
You knew the following spells:

 Your Spells              Type           Power      Damage    Failure   Level
a - Beastly Appendage     Tmut           24%        N/A       5%          1
b - Wereblood             Tmut           12%        N/A       8%          2

Your spell library contained the following spells:

 Spells                   Type           Power      Damage    Failure   Level
 Animate Skeleton         Necr           2%         N/A       22%         1
 Pain                     Necr           4%         1d4       22%         1
 Spider Form              Tmut/Pois      7%         N/A       30%         3
 Vampiric Draining        Necr           1%         2d6       54%         3
 Ice Form                 Ice/Tmut       7%         N/A       71%         4


Dungeon Overview and Level Annotations

Branches:
Dungeon (4/15)            Ossuary (1/1)
 Temple: D:4-7

Altars:
Elyvilon

Shops:
D:3 **

Annotations:
D:4 3 runed translucent doors, Blork the orc; megeza's ghost, novice OgBe


Innate Abilities, Weirdness & Mutations

Your plain brown scales are hard. (AC +5)
You cannot fit into any form of body armour.
You are cold-blooded and may be slowed by cold attacks.


Message History

You headbutt the wraith, but do no damage.
You tail-slap the wraith, but do no damage.
The wraith hits you! The wraith drains your vigour!
You feel yourself slow down.
You closely miss the wraith. You headbutt the wraith.
The wraith is lightly damaged.
Your transformation is almost over.
The wraith hits you. The wraith barely misses you.
You hit the wraith but do no damage. You claw the wraith, but do no damage.
The wraith is lightly damaged.
The wraith hits you! The wraith drains your vigour!
You feel as though you will be slow longer.
You closely miss the wraith.
You headbutt the wraith, but do no damage.
The wraith is lightly damaged.
The wraith hits you but does no damage. x2
You hit the wraith but do no damage. Your headbutt misses the wraith.
The wraith closely misses you.
You hit the wraith but do no damage. You claw the wraith, but do no damage.
The wraith closely misses you.
You barely miss the wraith. You headbutt the wraith.
The wraith is lightly damaged.
The wraith hits you! The wraith drains your vigour!
You feel as though you will be slow longer.
The wraith hits you but does no damage.
You hit the wraith but do no damage. Your kick misses the wraith.
The wraith is lightly damaged.
The wraith closely misses you.
You hit the wraith but do no damage. You claw the wraith, but do no damage.
The wraith is lightly damaged.
Your horns disappear.
Your talons disappear.
Your +0 hat unmelds from your body.
Your +1 pair of boots of flying unmelds from your body.
You fly up into the air.
The wraith hits you.
* * * LOW HITPOINT WARNING * * *
The wraith closely misses you. The wraith completely misses you.
The wraith completely misses you. The wraith hits you!
You die...

##.....## ####.......####
#W#...∩.∩...#W#
####.......#### ##.....##
##...##
#############'''#########
#........................
#.......@................
#..###.W###..###..###..##
#..#!#..# #..# #..# #..#.
#..#'#..#+#..# #..#+#..#'
#..#.#..#.#..#.#..#.#..#.
#........................
#........................
#..####......# #......###
#..# +...8...# #...8...'.


You could see a wraith.

Vanquished Creatures
  3 adders
  A worm (D:3)
  2 dart slugs
  7 ball pythons
  2 endoplasms
  2 giant cockroaches
  3 goblins
  4 hobgoblins
  2 quokkas
  5 bats
  A frilled lizard (D:3)
  A goblin zombie (Ossuary)
  8 hobgoblin zombies (Ossuary)
  7 kobolds
  5 kobold zombies (Ossuary)
  2 orc zombies (Ossuary)
  6 rats
61 creatures vanquished.

Notes
Turn   | Place    | Note
-------+----------+-------------------------------------------
     0 | D:1      | Plasmagod the Draconian Transmuter began the quest for the
                  | Orb.
     0 | D:1      | Reached XP level 1. HP: 16/16 MP: 3/3
   457 | D:1      | Reached XP level 2. HP: 18/23 MP: 3/5
   561 | D:1      | Found a faded altar of an unknown god.
   609 | D:1      | Learned a level 2 spell: Wereblood
  1501 | D:2      | Reached XP level 3. HP: 24/28 MP: 4/6
  2046 | D:3      | Found Fystruucyas's General Store.
  2075 | D:3      | Bought a +0 hat for 44 gold pieces
  2185 | D:3      | Found Esean's General Store.
  2689 | D:3      | Found a white marble altar of Elyvilon.
  2911 | D:3      | Reached XP level 4. HP: 35/35 MP: 5/7
  2989 | D:4      | Noticed Blork the orc
  3059 | D:4      | Found a runed translucent gate.
  3062 | D:4      | Found a runed translucent gate.
  3063 | D:4      | Found a runed translucent gate.
  3064 | D:4      | Noticed megeza's ghost (novice OgBe)
  3085 | D:4      | Found a sand-covered staircase.
  3091 | Ossuary  | Entered an ossuary
  3091 | Ossuary  | Noticed a wraith
  3091 | Ossuary  | Noticed a wraith
  3091 | Ossuary  | Noticed a wraith
  3310 | Ossuary  | Noticed a wraith
  3326 | Ossuary  | Slain by a wraith

Illustrated notes

Levels and vault maps discovered:
D:1:      roderic_octagonal_star, layout_basic,
          dreamdust_ecumenical_altar_hidden_monk_grotto
D:2:      layout_basic, minmay_pentomino_r4
D:3:      layout_loops_cross, elyvilon_altar_1, serial_shops, shop_coins, shop
D:4:      layout_rooms, gammafunk_ghost_necromancy, nicolae_ossuary_entry_plus,
          grunt_decor_fettered, nicolae_figureground_sparkle, uniq_menkaure,
          uniq_grinder, uniq_blork_the_orc
Ossuary:  ossuary_kennysheep_city_of_the_dead

Skill      XL: |  1  2  3 |
---------------+----------+-----
Transmutations | 3 |  3.4
Dodging        | 2 |  2.0
Fighting       | |  1.1
Stealth        | |  0.3
Unarmed Combat | |  3.7
Spellcasting   | |  2.4

Action                   |  1- 3 |  4- 6 || total
-------------------------+-------+-------++-------
Melee: Unarmed           |   112 |    44 ||   156
       Kick              |    21 |    14 ||    35
       Headbutt          |    14 |    15 ||    29
       Tailslap          |     9 |     5 ||    14
       Punch             |     3 |       ||     3
 Cast: Beastly Appendage |    26 |     6 ||    32
       Wereblood         |     1 |     3 ||     4
Armor: Skin              |    31 |    13 ||    44
Dodge: Dodged            |    54 |    20 ||    74
